 Dungeon Crawl Stone Soup version 0.25-a0-460-g4f2eb97ec1 (webtiles) character file.

Game seed: 10206046920773526784, levelgen mode: deterministic

367 Gargoyl the Skirmisher (level 6, -2/78 HPs)
             Began as a Centaur Abyssal Knight on Feb 3, 2020.
             Was a Priest of Lugonu.
             Slain by an ogre
             ... wielding a +0 giant club
              (16 damage)
             ... on level 4 of the Dungeon.
             The game lasted 00:04:26 (2925 turns).

Gargoyl the Skirmisher (Centaur Abyssal Knight)     Turns: 2925, Time: 00:04:26

Health: -2/78      AC: 13    Str: 20    XL:     6   Next: 41%
Magic:  8/8        EV:  1    Int: 11    God:    Lugonu [***...]
Gold:   203        SH:  8    Dex: 10    Spells: 5/5 levels left

rFire    . . .     SeeInvis .   a - +1 hand axe
rCold    . . .     Gourm    .   h - +0 shield
rNeg     + . .     Faith    .   f - +0 chain mail
rPois    .         Spirit   .   t - +0 helmet
rElec    .         Reflect  .   (no cloak)
rCorr    .         Harm     .   (no gloves)
MR       +....                  d - +0 centaur barding of Weirdness {MR+}
Stlth    ..........             (no amulet)
HPRegen  0.23/turn              s - ring of positive energy
MPRegen  0.11/turn              (no ring)

@: berserking, very quick
A: large, hooves 3, deformed body, speed 2, tough skin 3
a: Depart the Abyss, Bend Space, Banish, Renounce Religion


You were on level 4 of the Dungeon.
You worshipped Lugonu.
Lugonu was most pleased with you.
You were hungry.

You visited 1 branch of the dungeon, and saw 4 of its levels.
You visited the Abyss 1 time.

You collected 203 gold pieces.

Inventory:

Hand Weapons
 a - a +1 hand axe (weapon)
Missiles
 p - 5 boomerangs (quivered)
Armour
 d - the +0 centaur barding of Weirdness (worn) {MR+}
   (You acquired it on level 2 of the Abyss)

   It affects your resistance to hostile enchantments.
   If you remove this armour, your AC will fall 4 points (13 -> 9)
 f - a +0 chain mail (worn)
 h - a +0 shield (worn)
 t - a +0 helmet (worn)
Jewellery
 s - a ring of positive energy (left hand)
Scrolls
 e - 2 scrolls of teleportation
 i - a scroll of fear
 l - 3 scrolls of remove curse
 m - a scroll of identify
Potions
 g - a potion of brilliance {unknown}
 j - a potion of haste {unknown}
 k - 2 potions of curing {unknown}
 n - a potion of flight {unknown}
 q - a potion of agility {unknown}
 r - 2 potions of ambrosia {unknown}
Comestibles
 c - 6 rations
 o - a chunk of flesh


   Skills:
 + Level 3.8 Fighting
 + Level 3.1 Axes
 * Level 2.8 Armour
 * Level 1.7 Dodging
 + Level 1.1 Shields
 * Level 3.6 Invocations


You had 5 spell levels left.
You didn't know any spells.
Your spell library contained the following spells:

 Spells                   Type           Power        Failure   Level  Hunger
 Magic Dart               Conj           #...         100%        1    ##.....
 Blink                    Tloc           N/A          100%        2    ###....
 Call Imp                 Summ           #.......     100%        2    ###....
 Ensorcelled Hibernation  Hex/Ice        #.....       100%        2    ###....
 Slow                     Hex            #.......     100%        2    ###....
 Conjure Flame            Conj/Fire      #.......     100%        3    ####...
 Mephitic Cloud           Conj/Pois/Air  #.......     100%        3    ####...
 Borgnjor's Vile Clutch   Necr/Erth      #.........   100%        5    ######.
 Silence                  Hex/Air        #.........   100%        5    ######.
 Darkness                 Hex            #.........   100%        6    #######
 Shadow Creatures         Summ           N/A          100%        6    #######


Dungeon Overview and Level Annotations

Branches:
Dungeon (4/15)
 Temple: D:4-7

Altars:
Dithmenos
Makhleb
Trog
Xom
Zin

Annotations:
D:3 3 runed translucent doors, TimeIsEndless's ghost, amateur GnFi


Innate Abilities, Weirdness & Mutations

You have hooves in place of feet.
Armour fits poorly on your strangely shaped body.
You cover ground very quickly.
You have extremely tough skin. (AC +3)


Message History

Lugonu accepts your kill.
You can now banish your foes.
You hear a shout!
The jackal bites you.
* * * LOW HITPOINT WARNING * * *
A worm comes into view.
A jackal comes into view.
It was a potion of berserk rage.
A red film seems to cover your vision as you go berserk!
You feel yourself moving faster!
You feel mighty!
The jackal barks!
You block the jackal's attack.
An ogre comes into view. It is wielding a +0 giant club.
You closely miss the jackal. Your kick misses the jackal.
You block the jackal's attack.
Your shield and chain mail prevent you from hitting the jackal.
Your kick misses the jackal.
The jackal bites you but does no damage. x2
You closely miss the jackal. You kick the jackal.
The jackal is almost dead.
You hit the ogre. The ogre hits you with a +0 giant club!
You die...

... #.. #..
#..#### #.....#
#.....# #
#..h###.####.
#hah@O......
#.......h###.###..
#.##.##..# # #
#..# .h.. ##..##
...# ...#


You could see an ogre, a worker ant and 4 jackals.

Vanquished Creatures
  A phantom (D:3)
  A centaur zombie (D:2)
  A hound (D:4)
  Natasha (D:4)
  6 adders
  An ooze (D:2)
  5 worms
  6 dart slugs
  2 leopard geckos
  3 orcs (D:3)
  8 ball pythons
  9 bats
  5 giant cockroaches
  10 goblins
  9 hobgoblins
  2 jackals (D:3)
  15 kobolds
  2 quokkas (D:2)
  2 frilled lizards
  A quokka skeleton (D:3)
  13 rats
103 creatures vanquished.

Notes
Turn   | Place    | Note
-------+----------+-------------------------------------------
     0 | Abyss:1  | Gargoyl the Centaur Abyssal Knight began the quest for the
                  | Orb.
     0 | Abyss:1  | Reached XP level 1. HP: 19/19 MP: 2/2
    28 | Abyss:2  | Identified a scroll of acquirement
    28 | Abyss:2  | Identified the +0 centaur barding of Weirdness {MR+} (You
                  | acquired it on level 2 of the Abyss)
    29 | Abyss:2  | Noticed a wretched star
    30 | D:1      | Escaped the Abyss
   399 | D:1      | Reached XP level 2. HP: 25/26 MP: 3/3
   529 | D:1      | Reached * piety under Lugonu
   604 | D:1      | Reached skill level 1 in Dodging
   662 | D:1      | Reached XP level 3. HP: 29/31 MP: 4/4
  1105 | D:2      | Reached XP level 4. HP: 37/38 MP: 4/6
  1108 | D:2      | Found a shimmering altar of Xom.
  1162 | D:2      | Found a shadowy altar of Dithmenos.
  1583 | D:2      | Reached ** piety under Lugonu
  1744 | D:3      | Reached XP level 5. HP: 45/45 MP: 7/7
  2148 | D:3      | Noticed a phantom
  2205 | D:3      | Killed a phantom
  2205 | D:3      | Reached XP level 6. HP: 34/52 MP: 8/8
  2319 | D:3      | Reached skill level 1 in Shields
  2331 | D:3      | Noticed TimeIsEndless's ghost (amateur GnFi)
  2346 | D:3      | Found a runed translucent gate.
  2347 | D:3      | Found a runed translucent gate.
  2354 | D:3      | Found a runed translucent gate.
  2399 | D:3      | Found a burning altar of Makhleb.
  2399 | D:3      | Found a glowing silver altar of Zin.
  2400 | D:3      | Noticed an angel
  2400 | D:3      | Noticed a green death
  2772 | D:3      | Noticed a moth of wrath
  2819 | D:3      | Found a bloodstained altar of Trog.
  2907 | D:4      | Noticed Natasha
  2920 | D:4      | Killed Natasha
  2921 | D:4      | Reached *** piety under Lugonu
  2925 | D:4      | Slain by an ogre

Levels and vault maps discovered:
D:1:      wander_arrival_abandoned_jail, layout_basic, minmay_cut_off
D:2:      layout_loops_ring, overflow_temple_1_default,
          minmay_misc_feat_four_crosses, tgw_xom
D:3:      minmay_angry_zag, layout_basic,
          grunt_temple_overflow_order_and_chaos_2, tgw_trog,
          gammafunk_ghost_split, minmay_shallow_snake_nest
D:4:      layout_loops_ring, lemuel_blue_sif_altar,
          gammafunk_temple_overflow_wave, uniq_natasha

Skill      XL: |  1  2  3  4  5  6 |
---------------+-------------------+-----
Axes           | 2 3 |  3.1
Dodging        | 1 |  1.7
Armour         | 2 |  2.8
Invocations    | 3 |  3.6
Shields        | 1 |  1.1
Fighting       | |  3.8

Action                   |  1- 3 |  4- 6 || total
-------------------------+-------+-------++-------
Melee: Hand axe          |    85 |   252 ||   337
       Kick              |    18 |    42 ||    60
Invok: Depart the Abyss  |     1 |       ||     1
  Use: Scroll            |     4 |     5 ||     9
       Potion            |       |     1 ||     1
  Eat: Chunk             |       |     5 ||     5
Armor: Leather armour    |    19 |       ||    19
       Chain mail        |    52 |   217 ||   269
Dodge: Dodged            |    20 |     7 ||    27
Block: Shield            |     9 |    89 ||    98

Table legend:
 A = Non-vault XP
 B = Vault XP
 C = Vault XP percentage of total XP
 D = Non-vault monster count
 E = Vault monster count
 F = Vault count percentage of total count
                 A         B        C        D         E       F
            +---------+---------+-------+---------+---------+-------
      Total |     288 |     237 |  45.1 |      77 |      26 |  25.2
            +---------+---------+-------+---------+---------+-------
        D:1 |      59 |       4 |   6.3 |      31 |       2 |   6.1
        D:2 |     101 |      27 |  21.1 |      23 |       4 |  14.8
        D:3 |      85 |     171 |  66.8 |      22 |      19 |  46.3
        D:4 |      43 |      35 |  44.9 |       1 |       1 |  50.0
            +---------+---------+-------+---------+---------+-------
